Map: Kairos Junction LE

Players

emow - Winner!

  • Race: Zerg Zerg
  • League: Gold
  • Spawn Location: 5:00

marzin

  • Race: Protoss Protoss
  • League: Gold
  • Spawn Location: 11:00

VOD

Have the link to the VOD?

Description

Time

  • Played on: March 29, 2019, 3:33 p.m.
  • Length: 16:33
Show
View Real Time Build Order
Export as new Build Order

emow Zerg - Winner!

Build Orders: Hatch First, Muta Ling Bane 

Get SALT Encoding   

  12  0:01  Drone  
  13  0:08  Drone  
  14  0:17  Overlord  
  14  0:23  Extractor  
  14  0:24  Drone  
  15  0:46  Hatchery  
  14  0:54  Drone x2  
  14  0:56  Drone  
  17  1:13  Spawning Pool  
  17  1:15  Drone  
  17  1:21  Drone  
  18  1:31  Extractor, Drone  
  18  1:37  Drone  
  19  1:48  Drone  
  19  1:51  Extractor  
  19  1:59  Drone  
  20  2:02  Drone, Queen  
  20  2:03  Queen  
  25  2:22  Hatchery  
  24  2:26  Drone x2  
  26  2:34  Drone x2  
  28  2:49  Overlord x2  
  28  2:52  Metabolic Boost  
  28  3:06  Evolution Chamber  
  28  3:11  Spore Crawler x2  
  25  3:14  Drone  
  25  3:15  Drone x2  
  25  3:18  Drone  
  29  3:27  Overlord  
  29  3:28  Overlord  
  29  3:32  Zergling x2  
  30  3:35  Drone  
  31  3:42  Drone x2  
  33  3:53  Baneling Nest  
  33  3:55  Roach Warren  
  31  4:00  Zergling x2  
  31  4:01  Zergling x4  
  34  4:11  Drone x4  
  34  4:13  Drone  
  39  4:22  Evolution Chamber  
  39  4:24  Spore Crawler  
  37  4:32  Lair  
  37  4:34  Zergling x4  
  37  4:37  Zergling x2  
  41  4:38  Zergling x2  
  41  4:47  Zerg Melee Weapons Level 1  
  41  4:50  Zerg Ground Armor Level 1  
  41  4:56  Queen  
  43  5:02  Drone  
  43  5:03  Drone x2  
  46  5:15  Drone x5  
  46  5:19  Baneling x4  
  46  5:20  Baneling  
  51  5:21  Baneling  
  51  5:22  Baneling  
  51  5:25  Baneling x3  
  51  5:26  Baneling  
  51  5:28  Drone  
  52  5:47  Drone x6  
  52  5:49  Overlord x2  
  58  5:50  Overlord  
  58  5:54  Extractor  
  58  5:56  Zergling x2  
  58  6:00  Extractor  
  57  6:08  Zergling x8  
  57  6:09  Zergling x6  
  58  6:15  Zergling x2  
  58  6:16  Zergling x6  
  62  6:19  Drone  
  61  6:29  Spire  
  61  6:30  Zergling x6  
  63  6:35  Drone x2  
  65  6:40  Spore Crawler  
  65  6:41  Spore Crawler x2  
  65  6:42  Spore Crawler  
  65  6:44  Spore Crawler  
  60  6:56  Drone  
  60  6:57  Drone x5, Spore Crawler  
  60  6:58  Spore Crawler  
  64  7:02  Spore Crawler  
  64  7:06  Zergling x2  
  64  7:07  Zergling x6  
  67  7:08  Baneling  
  67  7:09  Baneling x4  
  67  7:14  Centrifical Hooks  
  67  7:20  Drone  
  67  7:21  Drone x2  
  70  7:26  Zergling x2  
  70  7:27  Zergling x6  
  74  7:33  Zergling x4  
  74  7:34  Zergling x4  
  72  7:57  Zergling x22  
  70  8:07  Mutalisk x3  
  76  8:14  Mutalisk x3  
  77  8:24  Mutalisk  
  76  8:30  Baneling x5  
  76  8:38  Drone x6  
  76  8:41  Extractor x2  
  80  8:44  Corruptor  
  82  8:58  Zerg Melee Weapons Level 2  
  82  9:03  Overlord x4  
  82  9:04  Overlord x3  
  82  9:11  Spore Crawler  
  82  9:12  Spore Crawler  
  82  9:14  Spore Crawler  
  79  9:17  Spore Crawler  
  79  9:19  Mutalisk x2  
  82  9:37  Mutalisk x2  
  76  9:43  Mutalisk  
  77  9:50  Drone x8  
  77  9:51  Drone x5  
  90  9:56  Zerg Flyer Weapons Level 1  
  90  10:02  Mutalisk  
  90  10:03  Mutalisk  
  94  10:09  Corruptor  
  96  10:18  Corruptor  
  98  10:32  Mutalisk x2  
  98  10:33  Mutalisk  
  104  10:36  Overlord  
  104  10:37  Drone x3  
  104  10:39  Hatchery  
  104  10:55  Mutalisk x3  
  108  11:06  Corruptor x2  
  112  11:15  Drone  
  112  11:16  Drone x9  
  112  11:17  Corruptor  
  124  11:30  Extractor, Spire  
  124  11:31  Extractor  
  121  11:33  Mutalisk  
  117  11:54  Mutalisk x3  
  123  12:02  Pneumatized Carapace  
  123  12:03  Overseer  
  123  12:04  Overseer  
  123  12:14  Mutalisk x2  
  127  12:18  Zergling x12  
  127  12:19  Zergling x16  
  141  12:27  Mutalisk x2  
  145  12:32  Corruptor  
  145  12:36  Overlord, Corruptor  
  149  12:49  Zergling x6  
  152  12:53  Baneling x11  
  152  12:54  Baneling x6  
  152  12:55  Baneling  
  152  12:56  Overlord  
  152  12:57  Overlord x9  
  152  13:01  Corruptor  
  154  13:07  Corruptor  
  146  13:27  Mutalisk  
  146  13:28  Mutalisk x4  
  155  13:35  Corruptor  
  134  13:50  Corruptor x3  
  138  13:59  Overlord, Corruptor x2  
  133  14:09  Corruptor x2  
  127  14:19  Zergling x12  
  127  14:20  Zergling x4  
  135  14:37  Mutalisk  
  135  14:38  Zergling x10  
  137  14:43  Mutalisk  
  137  14:44  Mutalisk x2  
  142  14:54  Mutalisk x6  
  142  14:56  Zergling x12  
  160  15:04  Mutalisk x2  
  163  15:11  Mutalisk  
  165  15:16  Mutalisk  
  168  15:28  Zergling x12  
  168  15:29  Zergling x6  
  176  15:43  Zergling x20  
  186  15:55  Zergling x20  
Show
View Real Time Build Order
Export as new Build Order

marzin Protoss 

Build Orders: Carriers 

Get SALT Encoding   

  12  0:01  Probe  
  13  0:14  Pylon  
  13  0:19  Probe  
  14  0:41  Probe  
  15  0:53  Probe  
  16  1:05  Probe  
  16  1:07  Gateway  
  17  1:13  Forge  
  17  1:17  Probe  
  18  1:19  Pylon  
  18  1:28  Assimilator  
  18  1:29  Probe  
  19  1:35  Assimilator  
  19  1:44  Pylon  
  19  1:52  Photon Cannon  
  19  1:58  Cybernetics Core  
  19  2:20  Pylon  
  19  2:24  Pylon  
  19  2:33  Probe  
  20  2:42  Probe  
  20  2:44  Nexus  
  20  2:50  Probe  
  22  2:59  Probe  
  23  3:08  Probe, Stargate  
  24  3:16  Probe  
  24  3:18  Stalker  
  27  3:30  Shield Battery  
  27  3:42  Probe  
  28  3:50  Probe  
  29  3:56  Probe  
  29  3:59  Probe  
  31  4:04  Probe  
  31  4:07  Probe  
  32  4:14  Probe  
  32  4:15  Probe  
  35  4:24  Probe  
  35  4:26  Probe  
  37  4:32  Probe  
  37  4:33  Fleet Beacon  
  37  4:38  Probe  
  39  4:40  Probe  
  39  4:45  Assimilator  
  40  4:47  Assimilator  
  40  4:50  Probe  
  41  4:58  Stargate  
  41  5:02  Probe  
  41  5:06  Void Ray  
  42  5:12  Probe  
  47  5:14  Probe  
  48  5:24  Probe  
  49  5:42  Carrier  
  55  5:53  Protoss Air Weapons Level 1  
  55  5:56  Carrier  
  61  6:44  Pylon  
  61  6:48  Mothership  
  69  7:28  Pylon  
  69  7:31  Pylon  
  69  7:33  Pylon  
  69  7:38  Pylon  
  69  7:39  Pylon  
  69  7:42  Robotics Facility  
  69  7:50  Carrier x2  
  67  8:29  Shield Battery x2  
  67  8:32  Photon Cannon  
  67  8:34  Photon Cannon  
  67  8:36  Photon Cannon  
  67  8:43  Probe  
  68  8:54  Carrier  
  68  8:55  Probe  
  75  8:58  Pylon  
  75  8:59  Pylon  
  75  9:02  Assimilator  
  75  9:06  Assimilator  
  75  9:07  Probe  
  76  9:13  Nexus  
  76  9:19  Probe  
  83  10:01  Protoss Air Armor Level 1  
  83  10:19  Probe  
  83  10:27  Probe, Carrier  
  90  10:34  Carrier  
  91  10:36  Probe  
  91  10:37  Probe  
  91  10:38  Cybernetics Core  
  91  10:41  Pylon  
  93  10:45  Probe  
  93  10:49  Probe  
  88  11:15  Pylon  
  88  11:17  Pylon  
  88  11:19  Probe, Forge  
  89  11:31  Probe  
  90  11:34  Carrier  
  96  11:42  Stargate  
  96  11:44  Probe  
  89  11:47  Twilight Council  
  83  11:56  Probe  
  83  11:58  Protoss Air Weapons Level 2  
  84  12:04  Photon Cannon  
  84  12:05  Probe  
  85  12:09  Photon Cannon  
  85  12:13  Probe  
  85  12:19  Probe  
  87  12:27  Probe  
  87  12:37  Probe  
  89  12:50  Carrier  
  95  12:58  Probe  
  95  13:04  Shield Battery  
  96  13:06  Probe  
  103  13:12  Carrier  
  103  13:16  Probe  
  104  13:28  Probe  
    16:17  Probe  
Tags
 
Add a new tag
Caveats
  • Supply blocks, unpowered buildings, or Contaminate may cause inaccurate times.
  • Supply counts are checked every 10 seconds.